 Dungeon Crawl Stone Soup version 0.30-a0-691-g754fce4c43 (webtiles) character file.

Game seed: 16959519383743925976

908 bmack86 the Chopper (level 7, 0/56 (62) HPs)
             Began as a Minotaur Fighter on Jan 20, 2023.
             Killed by nerve-wracking pain
             ... invoked by a shadow imp
             ... summoned by Eustachio
              (12 damage)
             ... on level 6 of the Dungeon.
             The game lasted 00:10:05 (3723 turns).

bmack86 the Chopper (Minotaur Fighter)              Turns: 3723, Time: 00:10:06

HP:   0/56 (62)     AC:  9    Str: 23      XL:     7   Next: 81%
MP:   6/6           EV:  9    Int: 11      God:
Gold: 473           SH:  4    Dex:  7 (9)  Spells: 6/6 levels left

rFire   . . .      SeeInvis .    a - +1 war axe
rCold   . . .      Faith    .    c - +0 buckler
rNeg    . . .      Spirit   .    b - +0 scale mail
rPois   .          Reflect  .    (helmet restricted)
rElec   .          Harm     .    (no cloak)
rCorr   .          Rampage  .    (no gloves)
Will    .....                    g - +1 pair of boots Stlth
                                 p - amulet of regeneration
HPRegen 1.09/turn                f - +6 ring of intelligence
MPRegen 0.10/turn                (no ring)

@: drained
A: horns 2, retaliatory headbutt
a: no special abilities


You were on level 6 of the Dungeon.
You visited 1 branch of the dungeon, and saw 6 of its levels.

You collected 473 gold pieces.

Inventory:

Hand Weapons
 a - a +1 war axe (weapon)
 o - a +0 war axe
Missiles
 e - 6 javelins
 r - 10 boomerangs (quivered)
Armour
 b - a +0 scale mail (worn)
 c - a +0 buckler (worn)
 g - a +1 pair of boots (worn)
Jewellery
 f - a +6 ring of intelligence (left hand)
 k - a ring of fire
 p - an amulet of regeneration (around neck)
Wands
 l - a wand of charming (1)
 n - a wand of flame (17)
 t - a wand of digging (2)
Scrolls
 i - 2 scrolls of teleportation
 q - a scroll of silence
Potions
 d - a potion of might
 h - a potion of ambrosia
 j - 3 potions of attraction
 m - 2 potions of magic
 s - a potion of lignification


   Skills:
 + Level 5.7 Fighting
 * Level 6.6 Axes
 + Level 3.2 Throwing
 + Level 5.6 Armour
 + Level 5.6 Shields


You had 6 spell levels left.
You didn't know any spells.
Your spell library contained the following spells:

 Spells                   Type           Power      Damage    Failure   Level
 Slow                     Hex            0%         N/A       71%         1
 Cigotuvi's Dreadful Rot  Necr/Pois/Air  0%         N/A       85%         2
 Confusing Touch          Hex            0%         N/A       97%         3
 Vampiric Draining        Necr           0%         2d6       97%         3
 Dispel Undead            Necr           0%         3d6       100%        4
 Death Channel            Necr           0%         N/A       100%        6


Dungeon Overview and Level Annotations

Branches:
Dungeon (6/15)
 Temple: D:4-7

Altars:
Ashenzari
Hepliaklqana
Vehumet

Annotations:
D:3 2 transporters, domi's ghost, amateur MfRe
D:5 1 runed translucent door, bande's ghost, amateur HOFi
D:6 Eustachio


Innate Abilities, Weirdness & Mutations

You have a pair of horns on your head.
You reflexively headbutt those who attack you in melee.


Message History

You closely miss the white imp. You closely miss the quasit.
You barely miss the shadow imp. The white imp gestures at you.
The puff of frost hits you! The quokka barely misses you.
You furiously retaliate!
You headbutt the quokka. The shadow imp hits you. The quasit barely misses you.
You furiously retaliate!
You headbutt the quasit. The quasit barely misses you.
The quasit claws you but does no damage.
The white imp hits you but does no damage.
You closely miss the quokka. You headbutt the quokka.
The quokka is severely wounded.
You closely miss the shadow imp. You hit the white imp.
You hit the quasit but do no damage. The quokka bites you.
The quasit bites you.
You feel clumsy.
The quasit claws you but does no damage.
The quasit barely misses you. The shadow imp misses you.
You furiously retaliate!
You headbutt the shadow imp!
Eustachio casts a spell.
Eustachio blinks!
The quokka barely misses you. You furiously retaliate!
You headbutt the quokka!
You kill the quokka!
The quokka's corpse disappears in a puff of smoke!
The white imp gestures at you. The puff of frost hits you.
Eustachio hits you with a +2 rapier of draining.
You feel drained. The quasit closely misses you.
The quasit claws you but does no damage. x2
The shadow imp hits you but does no damage.
You block Eustachio's attack. The quasit barely misses you.
The quasit claws you but does no damage.
The quasit misses you. The white imp gestures at you.
The puff of frost hits you!
* * * LOW HITPOINT WARNING * * *
The shadow imp attacks as you move away!
The shadow imp hits you but does no damage.
The shadow imp gestures at you. Pain shoots through your body!
You die...

#####################
............##....#.####
............#...#...!..#
........#.....#.........
.......###...###........
........#..#..#.........
>.....>....##.55§.......
...........###§.@.......
..........###..5@.......
........#..#..#.........
.......###...###........
........#..#..#.........
...<.. ...##........$...
...... .## #............
...... ####.........
.....!


You could see Eustachio (fast), a quasit (summoned), a white imp (summoned) and
a shadow imp (summoned).

Vanquished Creatures
  A water moccasin (D:5)
  An ogre (D:5)
  A phantom (D:5)
  A necrophage (D:5)
  3 scorpions
  A hound (D:5)
  An orc priest (D:3)
  Terence (D:2)
  Jessica (D:2)
  An iguana (D:5)
  Ijyb (D:4)
  An orc wizard (D:5)
  Robin (D:2)
  4 gnolls (D:2)
  3 adders
  An ufetubus (D:4)
  3 dart slugs
  13 orcs
  9 bats
  8 endoplasms
  3 giant cockroaches
  15 hobgoblins
  3 jackals (D:3)
  3 quokkas
  6 ball pythons
  5 frilled lizards
  17 goblins
  5 kobolds
  5 rats
118 creatures vanquished.

Vanquished Creatures (others)
  A goblin (D:2)
  6 fungi
  3 toadstools (D:2)
10 creatures vanquished.

Grand Total: 128 creatures vanquished

Notes
Turn   | Place    | Note
-------+----------+-------------------------------------------
     0 | D:1      | bmack86 the Minotaur Fighter began the quest for the Orb.
     0 | D:1      | Reached XP level 1. HP: 19/19 MP: 0/0
   119 | D:1      | Reached XP level 2. HP: 20/27 MP: 1/1
   120 | D:1      | Found a faded altar of an unknown god.
   192 | D:1      | Reached skill level 3 in Axes
   378 | D:1      | Reached XP level 3. HP: 33/33 MP: 2/2
   715 | D:2      | Noticed Robin
   723 | D:2      | Killed Robin
   728 | D:2      | Noticed Jessica
   734 | D:2      | Killed Jessica
   735 | D:2      | Reached skill level 1 in Throwing
   735 | D:2      | Reached XP level 4. HP: 22/40 MP: 3/3
  1069 | D:2      | Reached skill level 4 in Axes
  1069 | D:2      | Noticed Terence
  1075 | D:2      | Killed Terence
  1093 | D:2      | Reached XP level 5. HP: 40/47 MP: 4/4
  1404 | D:3      | Found a transporter.
  1439 | D:3      | Found a transporter.
  1439 | D:3      | Noticed domi's ghost (amateur MfRe)
  1757 | D:3      | Found a hazy altar of Hepliaklqana.
  1794 | D:3      | Found a broken altar of Ashenzari.
  1843 | D:3      | Found a radiant altar of Vehumet.
  2087 | D:4      | Noticed Ijyb
  2114 | D:4      | Killed Ijyb
  2115 | D:4      | Reached XP level 6. HP: 49/53 MP: 5/5
  2141 | D:4      | Reached skill level 5 in Axes
  2383 | D:4      | Reached skill level 5 in Armour
  2786 | D:5      | Entered Level 5 of the Dungeon
  2848 | D:5      | Reached skill level 5 in Fighting
  2855 | D:5      | Reached skill level 5 in Shields
  2915 | D:5      | Reached XP level 7. HP: 60/61 MP: 6/6
  2945 | D:5      | Reached skill level 6 in Axes
  3313 | D:5      | Found a runed translucent door.
  3319 | D:5      | Noticed bande's ghost (amateur HOFi)
  3703 | D:6      | Noticed Eustachio
  3723 | D:6      | Killed from afar by a shadow imp

Illustrated notes

Levels and vault maps discovered:
D:1:      onia_arrival_mini_maze, layout_rooms,
          hellmonk_ecumenical_altar_pennies_from_heaven, glass_columns_b
D:2:      layout_loops_ring, minmay_gold_behind_fungi, uniq_robin, uniq_terence,
          uniq_jessica
D:3:      layout_rooms, nicolae_overflow_crystal_walls,
          mainiacjoe_overflow_catwalk, nicolae_vehumet_altar_sigil,
          gammafunk_ghost_arena, kennysheep_another_room,
          hangedman_decor_points, dreamdust_mushroom_princess, glass_columns_a,
          grunt_ministairs_10, kennysheep_generic_room_11
D:4:      layout_loops_ring, nicolae_goblin_pals
D:5:      layout_loops_corners, ebering_ghost_reflecting_pool
D:6:      layout_cave_pods, xom_butterflies,
          minmay_temple_entry_enclosed_plants, minmay_strange_pillars,
          uniq_sigmund, uniq_eustachio

Skill      XL: |  1  2  3  4  5  6  7 |
---------------+----------------------+-----
Axes           | 3 4 5 6 |  6.6
Fighting       | 4 5 |  5.7
Armour         | 4 5 |  5.6
Shields        | 4 5 |  5.6
Throwing       | 1 2 3 |  3.2

Action                   |  1- 3 |  4- 6 |  7- 9 || total
-------------------------+-------+-------+-------++-------
Melee: War axe           |    64 |   150 |    47 ||   261
       Headbutt          |     9 |    24 |     5 ||    38
Throw: Boomerang         |       |       |     4 ||     4
       Javelin           |       |       |     2 ||     2
  Use: Scroll            |       |    11 |       ||    11
Armor: Scale mail        |    57 |   102 |    49 ||   208
Dodge: Dodged            |    49 |   122 |    48 ||   219
Block: Buckler           |    22 |    47 |    14 ||    83

Table legend: (Time is in decaauts)
 A = Elapsed time spent in this place.
 B = Non-inter-level travel time spent in this place.
 C = Inter-level travel time spent in this place.
 D = Time resting spent in this place.
 E = Time spent auto-exploring this place.
 F = Levels seen in this place.
 G = Mean time per level.
                   A        B        C        D        E       F      G
               +--------+--------+--------+--------+--------+-----+--------+
         Total |   3805 |   3688 |    117 |     31 |   2595 |   6 |  634.2 |
       Dungeon |   3805 |   3688 |    117 |     31 |   2595 |   6 |  634.2 |
               +--------+--------+--------+--------+--------+-----+--------+

Top non-repeatable levels by time:
     D:5: 905 daAuts
     D:2: 810 daAuts
     D:4: 714 daAuts
     D:3: 699 daAuts
     D:1: 631 daAuts
     D:6: 45 daAuts
